 Dungeon Crawl Stone Soup version 0.27.0-1-g7a089689b8 (webtiles) character file.

Game seed: 14640721718736922015

42 crawlogic the Chopper (level 3, -8/31 HPs)
             Began as a Hill Orc Monk on July 31, 2021.
             Splashed by Ijyb's acid (13 damage)
             ... on level 2 of the Dungeon.
             The game lasted 00:08:14 (1688 turns).

crawlogic the Chopper (Hill Orc Monk)               Turns: 1688, Time: 00:08:15

Health: -8/31      AC:  6    Str: 14    XL:     3   Next: 54%
Magic:  3/3        EV:  4    Int: 10    God:
Gold:   23         SH:  0    Dex: 13    Spells: 2/2 levels left

rFire    . . .     SeeInvis .   a - +0 hand axe
rCold    . . .     Faith    .   (no shield)
rNeg     . . .     Spirit   .   c - +0 plate armour
rPois    .         Reflect  .   (no helmet)
rElec    .         Harm     .   (no cloak)
rCorr    .         Rampage  .   (no gloves)
Will     .....                  (no boots)
Stlth    ..........             (no amulet)
HPRegen  0.10/turn              (no ring)
MPRegen  0.08/turn              (no ring)

@: corroded
A: no striking features
a: no special abilities


You were on level 2 of the Dungeon.
You visited 1 branch of the dungeon, and saw 2 of its levels.

You collected 23 gold pieces.

Inventory:

Hand Weapons
 a - a +0 hand axe (weapon)
Armour
 c - a +0 plate armour (worn)
Scrolls
 b - 3 scrolls of identify {unknown}
 d - a scroll of silence {unknown}
 e - a scroll of magic mapping {unknown}
 f - a scroll of fog {unknown}
 h - a scroll of teleportation {unknown}
 i - a scroll of torment {unknown}
 k - a scroll of enchant armour {unknown}
 l - a scroll of amnesia {unknown}
Potions
 g - a potion of flight {unknown}
 j - a potion of mutation {unknown}
 m - a potion of heal wounds {unknown}


   Skills:
 - Level 3.6 Fighting
 + Level 5.9 Axes
 - Level 2.4 Dodging
 - Level 1.5 Stealth


You had 2 spell levels left.
You didn't know any spells.
Your spell library was empty.

Dungeon Overview and Level Annotations

Branches:
Dungeon (2/15)

Altars:
Ru

Annotations:
D:2 Ijyb


Message History

The goblin shouts! x2
A goblin comes into view. It is wielding a +0 club. x2
The goblin shouts! x2
A goblin comes into view. It is wielding a +0 dagger.
A goblin comes into view. It is wielding a +0 club.
The goblin shouts!
The goblin unwields a +0 club.
The goblin wields a +0 hunting sling.
The goblin shoots a stone.
The stone hits you but does no damage.
Ijyb the Twisted Goblin comes into view.
She is wielding a +4 dagger and carrying a wand of acid (9).
Ijyb shouts!
Ijyb drinks a potion.
Ijyb suddenly seems more resistant.
The goblin shoots a stone.
The stone hits you. The goblin hits you with a +0 club.
The goblin hits you with a +0 club.
You slash the goblin!
You kill the goblin!
You slash the goblin!
You kill the goblin!
You barely miss the goblin. The goblin hits you but does no damage.
You barely miss the goblin. The goblin hits you with a +0 club.
You closely miss the goblin. The goblin hits you but does no damage.
You hit the goblin.
You kill the goblin!
You hit the goblin.
The goblin is moderately wounded.
The goblin completely misses you.
You hit the goblin.
You kill the goblin!
You hit Ijyb but do no damage. Ijyb hits you with a +4 dagger.
You closely miss Ijyb. Ijyb hits you but does no damage.
You barely miss Ijyb.
Ijyb grins evilly.
Ijyb hits you with a +4 dagger.
You hit Ijyb but do no damage.
Ijyb grins evilly.
Ijyb hits you with a +4 dagger.
You closely miss Ijyb.
Ijyb zaps a wand.
The bolt of acid hits you!
* * * LOW HITPOINT WARNING * * *
The acid corrodes you!
You are splashed with acid!
You die...

.##.######........# #.#
.........+........# #.#
..#†######........# #.#### #.#.#
#........########.#.#... #.#.#
##.................#.#.##
#.#.#...........#...######.#.#...
#.#.#........g.gg.#....###.#.#.#.
#.#.#..#8....g8#g##...(......####
#..<...#....gg.#@##..............
.......#8.....8#.##......#.#....#
..#....#.......#.#.......#...#...
#.#+##.#8.....8#.#.......#####...
... .#.......#.+...............
#.. # ###...##.......... ...
#...##.......... ..
#...##.......... #...##..........


You could see Ijyb (resistant) and 2 goblins.

Vanquished Creatures
  A dart slug (D:2)
  5 endoplasms
  A giant cockroach (D:1)
  6 goblins
  A hobgoblin (D:1)
  6 jackals (D:1)
  2 quokkas
  3 ball pythons
  2 bats (D:1)
  A frilled lizard (D:1)
  3 kobolds
  4 rats
  A spectral kobold (D:1)
36 creatures vanquished.

Notes
Turn   | Place    | Note
-------+----------+-------------------------------------------
     0 | D:1      | crawlogic the Hill Orc Monk began the quest for the Orb.
     0 | D:1      | Reached XP level 1. HP: 19/19 MP: 1/1
   145 | D:1      | Reached XP level 2. HP: 20/26 MP: 2/2
   419 | D:1      | Reached skill level 5 in Axes
   500 | D:1      | Found a faded altar of an unknown god.
   568 | D:1      | Reached XP level 3. HP: 15/31 MP: 3/3
   896 | D:2      | Found a sacrificial altar of Ru.
  1670 | D:2      | Noticed Ijyb
  1688 | D:2      | Splashed by Ijyb's acid

Illustrated notes

Levels and vault maps discovered:
D:1:      erik_arrival_orb_chamber, layout_basic,
          dreamdust_ecumenical_altar_drowned_temple, moated_statue
D:2:      kennysheep_the_goblin_king, layout_basic, basic_altar,
          serial_park_tiny_pond

Skill      XL: |  1  2 |
---------------+-------+-----
Axes           | 5 |  5.9
Fighting       | |  3.6
Dodging        | |  2.4
Stealth        | |  1.5

Action                   || total
-------------------------++-------
Melee: Hand axe          ||   117
Armor: Robe              ||     7
       Plate armour      ||    72
Dodge: Dodged            ||    42
